 Dungeon Crawl Stone Soup version 0.22-b1-59-g0aedee7 (webtiles) character file.

28 Lew the Conjurer (level 2, 20/20 HPs)
             Began as a Demigod Conjurer on Aug 9, 2018.
             Got out of the dungeon alive.
             The game lasted 00:07:48 (1310 turns).

Lew the Conjurer (Demigod Conjurer)                 Turns: 1310, Time: 00:07:49

Health: 20/20      AC:  5    Str: 11    XL:     2   Next: 78%
Magic:  7/7        EV: 12    Int: 19    God:
Gold:   5          SH:  0    Dex: 16    Spells: 4/5 levels left

rFire    . . .     SeeInvis .   b - +1 dagger (venom)
rCold    . . .     Gourm    .   (no shield)
rNeg     . . .     Faith    .   a - +0 robe
rPois    .         Spirit   .   f - +2 helmet
rElec    .         Reflect  .   (no cloak)
rCorr    .         Harm     .   (no gloves)
MR       .....                  (no boots)
Stlth    ++........             (no amulet)
HPRegen  0.06/turn              (no ring)
MPRegen  0.10/turn              (no ring)

@: no status effects
A: high mp 1
a: no special abilities


You escaped.
You were not hungry.

You visited 1 branch of the dungeon, and saw 2 of its levels.

You collected 5 gold pieces.

Inventory:

Hand Weapons
 b - a +1 dagger of venom (weapon)
Armour
 a - a +0 robe (worn)
 f - a +2 helmet (worn)
Scrolls
 g - a scroll of remove curse {unknown}
Potions
 d - a potion of might
 e - a potion of curing
 h - a potion of heal wounds {unknown}
 i - a potion of magic {unknown}
Comestibles
 c - 3 rations


   Skills:
 + Level 1.9 Dodging
 + Level 1.9 Stealth
 + Level 2.0 Spellcasting
 + Level 4.2 Conjurations


You had 4 spell levels left.
You knew the following spells:

 Your Spells              Type           Power        Failure   Level  Hunger
a - Magic Dart            Conj           ###.         3%          1    #......

Your spell library contained the following spells:

 Spells                   Type           Power        Failure   Level  Hunger
 Iskenderun's Mystic Bla  Conj           ###.....     28%         4    #####..
 Fulminant Prism          Conj/Hex       ##........   56%         4    #####..
 Dazzling Spray           Conj/Hex       ##....       22%         3    ###....
 Force Lance              Conj/Tloc      ##......     56%         4    #####..
 Searing Ray              Conj           ###...       4%          2    ###....


Dungeon Overview and Level Annotations

Branches:
Dungeon (2/15)


Innate Abilities, Weirdness & Mutations

You have an increased reservoir of magic. (+10% MP)


Message History

Sorry, you're not good enough to have a special ability.
Casting: Magic Dart (safe; 3% risk of failure)
Confirm with . or Enter, or press ? or * to list all spells.
Okay, then.
Sorry, you're not good enough to have a special ability.
Sorry, you're not good enough to have a special ability.
Sorry, you're not good enough to have a special ability.
Sorry, you're not good enough to have a special ability.
Sorry, you're not good enough to have a special ability.
Sorry, you're not good enough to have a special ability.
Unknown command.
There is an escape hatch in the ceiling here.
You can't go down here!
A mysterious force pulls you upwards. The hatch slams shut behind you.
You see here a stone.
There is a staircase leading out of the dungeon here.
Are you sure you want to leave the Dungeon?
This will make you lose the game!
Alright, then stay!
Are you sure you want to leave the Dungeon?
This will make you lose the game!
You have escaped!

#.###.#####################.#####
#..#.............................
##.#.####################.#.#####
#.#......................#...#..
#.#...######......######.#.#.#..
#.#......................#.#.###
#.#...##..##......##..##.#.#.#(.
#.#......................#.#.#.#
##+############>@##########.#.#.#
..................# #.(....#.#.#
....#############.## #.#..#.#†#.#
.....†# #..###.#..#.#(#.# ....#.#
##........#.#.#.# #.#.#.#
#.###.#.##.#.#.# ......#
#.....#....#.#.# '##.#.#
#######...#.######.#.# ..#...#
#...(.....#........#.#


There were no monsters in sight!

Vanquished Creatures
  A dart slug (D:1)
  3 goblins (D:1)
  3 hobgoblins (D:1)
  4 jackals (D:1)
  2 kobolds (D:1)
  5 bats
  2 frilled lizards
  4 rats (D:1)
24 creatures vanquished.

Notes
Turn   | Place    | Note
-------+----------+-------------------------------------------
     0 | D:1      | Lew the Demigod Conjurer began the quest for the Orb.
     0 | D:1      | Reached XP level 1. HP: 14/14 MP: 5/5
   138 | D:1      | Reached skill level 4 in Conjurations
   240 | D:1      | Reached XP level 2. HP: 20/20 MP: 5/7
   958 | D:2      | Found a hide-covered altar of Uskayaw.
   958 | D:2      | Found a hazy altar of Hepliaklqana.
  1310 | D:$      | Got out of the dungeon alive.

Skill      XL: |  1  2 |
---------------+-------+-----
Conjurations   | 4 |  4.2
Spellcasting   | 2 |  2.0
Dodging        | |  1.9
Stealth        | |  1.9

Action                   || total
-------------------------++-------
Melee: Dagger            ||     8
 Cast: Magic Dart        ||    46
  Use: Potion            ||     2
  Eat: Chunk             ||     2
Armor: Robe              ||     2
Dodge: Dodged            ||    10
